 Dungeon Crawl Stone Soup version 0.26.1-11-gd32895ea62 (webtiles) character file.

Game seed: 17368438045040255032

66 buriedalive the Chiller (level 3, -2/19 HPs)
             Began as a Deep Elf Ice Elementalist on May 25, 2021.
             Slain by a hound (5 damage)
             ... on level 2 of the Dungeon.
             The game lasted 00:03:11 (2665 turns).

buriedalive the Chiller (Deep Elf Ice Elementalist) Turns: 2665, Time: 00:03:11

Health: -2/19      AC: -2    Str:  5    XL:     3   Next: 96%
Magic:  7/9        EV: 14    Int: 20    God:
Gold:   56         SH:  0    Dex: 15    Spells: 1/8 levels left

rFire    . . .     SeeInvis .   d - +0 short sword
rCold    . . .     Faith    .   (no shield)
rNeg     . . .     Spirit   .   a - +0 robe
rPois    .         Reflect  .   (no helmet)
rElec    .         Harm     .   (no cloak)
rCorr    .         Rampage  .   (no gloves)
Will     .....                  (no boots)
Stlth    ++........             (no amulet)
HPRegen  0.06/turn              h - -4 ring of protection (curse)
MPRegen  0.11/turn              (no ring)

@: no status effects
A: no striking features
a: no special abilities


You were on level 2 of the Dungeon.
You visited 1 branch of the dungeon, and saw 2 of its levels.

You collected 56 gold pieces.

Inventory:

Hand Weapons
 d - a +0 short sword (weapon)
Missiles
 b - 45 stones
 j - 2 throwing nets
Armour
 a - a +0 robe (worn)
 i - a +0 leather armour
Jewellery
 h - a cursed -4 ring of protection (left hand)
Scrolls
 c - a scroll of teleportation
 k - a scroll of noise {unknown}
Potions
 e - a potion of haste {unknown}
 f - a potion of attraction {unknown}
 g - a potion of curing {unknown}


   Skills:
 + Level 4.0 Dodging
 - Level 2.4 Stealth
 - Level 3.0 Spellcasting
 + Level 5.3 Ice Magic


You had one spell level left.
You knew the following spells:

 Your Spells              Type           Power        Failure   Level
a - Freeze                Ice            96%          1%          1
b - Frozen Ramparts       Ice            48%          4%          3
c - Ozocubu's Armour      Ice            24%          4%          3

Your spell library contained the following spells:

 Spells                   Type           Power        Failure   Level
 Hailstorm                Conj/Ice       13%          43%         4
 Summon Ice Beast         Ice/Summ       13%          43%         4


Dungeon Overview and Level Annotations

Branches:
Dungeon (2/15)

Altars:
Nemelex Xobeh
Okawaru
Wu Jian
Xom
The Shining One


Message History

Confirm with . or Enter, or press ? or * to list all spells.
Aiming: Freeze (safe; 1% risk of failure)
Press: ? - help, Shift-Dir - straight line, f/p - hound
Aim: a hound (heavily wounded)
You freeze the hound.
The hound is severely wounded.
The hound misses you.
A hound is nearby!
A hound is nearby!
You closely miss the hound.
The hound is severely wounded.
The hound closely misses you. The hound bites you.
* * * LOW HITPOINT WARNING * * *
You barely miss the hound.
The hound is severely wounded.
The hound misses you.
You hit the hound.
The hound is almost dead.
The hound bites you.
You die...

#########
#.......#
#.#####.#
#.#####.#
#.##....#
#.##.##.######.
#..............
#......@#######
#.##.##h#
#.#..##.#
#.#.###.#
#.#.###.#
##.......#
#.......##
#.#...#.#
#..#.#..#


You could see a hound.

Vanquished Creatures
  3 gnolls (D:2)
  An adder (D:2)
  A worm (D:2)
  A dart slug (D:1)
  2 giant cockroaches
  3 goblins
  2 hobgoblins
  5 bats
  A frilled lizard (D:1)
  6 kobolds
25 creatures vanquished.

Notes
Turn   | Place    | Note
-------+----------+-------------------------------------------
     0 | D:1      | buriedalive the Deep Elf Ice Elementalist began the quest
                  | for the Orb.
     0 | D:1      | Reached XP level 1. HP: 10/10 MP: 6/6
   413 | D:1      | Reached XP level 2. HP: 6/15 MP: 4/8
  1330 | D:2      | Found a glowing golden altar of the Shining One.
  1331 | D:2      | Found an ornate altar of the Wu Jian Council.
  1332 | D:2      | Found an iron altar of Okawaru.
  1333 | D:2      | Found a shimmering altar of Xom.
  1666 | D:2      | Found a sparkling altar of Nemelex Xobeh.
  1681 | D:2      | Reached skill level 5 in Ice Magic
  1681 | D:2      | Reached XP level 3. HP: 11/19 MP: 6/9
  2234 | D:1      | Learned a level 3 spell: Frozen Ramparts
  2238 | D:1      | Learned a level 3 spell: Ozocubu's Armour
  2665 | D:2      | Slain by a hound

Illustrated notes

Levels and vault maps discovered:
D:1:      dpeg_arrival_simpleton_b, layout_basic, minmay_misc_feat_more_columns,
          minmay_strange_pillars
D:2:      layout_loops_cross, nicolae_gozag_seed_capital,
          grunt_temple_overflow_open, hangedman_ru_absence

Skill      XL: |  1  2  3 |
---------------+----------+-----
Dodging        | 3 4 |  4.0
Ice Magic      | 5 |  5.3
Stealth        | |  2.4
Spellcasting   | |  3.0

Action                   || total
-------------------------++-------
Melee: Short sword       ||    34
 Cast: Freeze            ||    39
  Use: Scroll            ||     1
 Stab: Sleeping          ||     3
Armor: Robe              ||     6
Dodge: Dodged            ||    39
